[Event "Titled Tuesday Blitz November 9 2021"]
[White "Perez Gormaz, Matias"]
[Black "Tologon tegin, Semetei"]
[WhiteFideId "3406342"]
[BlackFideId "13800574"]
[WhiteElo "2352"]
[BlackElo "2224"]
[Result "1-0"]
[Round "11"]
[TimeControl "180+1"]
[Date "2021.11.09"]
[WhiteClock "0:00:14"]
[BlackClock "0:01:01"]

1. e4 e5 2. Nf3 Nc6 3. Bb5 a6 4. Ba4 Nf6 5. d3 b5 6. Bb3 Bc5 7. c3 d6 8. O-O O-O 9. Bg5 h6 10. Bxf6 Qxf6 11. Bd5 Bd7 12. b4 Bb6 13. a4 Rad8 14. axb5 axb5 15. Na3 Ne7 16. Bb3 Ng6 17. Nc2 Nf4 18. Ne3 Qg6 19. g3 Nh3+ 20. Kg2 Kh8 21. Nd5 Bxf2 22. Rxf2 Nxf2 23. Kxf2 f5 24. Ne7 Qf6 25. Nxf5 Bxf5 26. exf5 Qxf5 27. Kg2 d5 28. Qe2 e4 29. dxe4 dxe4 30. Nh4 Qf6 31. Qxe4 Rd2+ 32. Kh3 Rd6 33. Ra8 Rxa8 34. Ng6+ Qxg6 35. Qxa8+ Qe8 36. Qxe8+ Kh7 37. Bg8+ Kh8 38. Bf7+ Kh7 39. Qg8# 1-0


[Site "https://www.chess.com"]

[Event "Titled Tuesday Blitz November 9 2021"]
[White "Pranav, V"]
[Black "Costachi, Mihnea"]
[WhiteFideId "25060783"]
[BlackFideId "1217518"]
[WhiteElo "2351"]
[BlackElo "2482"]
[Result "0-1"]
[Round "11"]
[TimeControl "180+1"]
[Date "2021.11.09"]
[WhiteClock "0:00:01"]
[BlackClock "0:00:18"]

1. e4 e5 2. Nf3 Nc6 3. Bb5 a6 4. Ba4 d6 5. d3 g6 6. h4 h5 7. d4 Bd7 8. Nc3 Bg7 9. Bg5 f6 10. Be3 Nh6 11. Bb3 Ng4 12. Qd2 Nxe3 13. fxe3 Bg4 14. O-O-O Qd7 15. Nd5 O-O-O 16. Ba4 b5 17. Bb3 Ne7 18. Qa5 Kb7 19. Nxe7 Qxe7 20. Bd5+ Ka7 21. Rd3 Rb8 22. Nd2 Rb6 23. Nb3 c6 24. c4 cxd5 25. c5 Rbb8 26. exd5 Be2 27. Rc3 Bc4 28. Qb4 Rhc8 29. cxd6 Qd7 30. Na5 Bf8 31. Nc6+ Rxc6 32. dxc6 Qxd6 33. Qxd6 Bxd6 34. Rd1 Kb6 35. d5 e4 36. b3 Bd3 37. c7 Ba3+ 38. Kd2 Rc8 39. Rc6+ Kb7 40. Rxf6 Bb4+ 41. Kc1 Rxc7+ 42. Rc6 Rxc6+ 43. dxc6+ Kxc6 44. Rg1 Be2 45. Kb2 Kd5 46. a3 Bc5 47. Kc2 Bxe3 48. Re1 Bd3+ 49. Kc3 Bf2 50. Rd1 Bxh4 51. Kb4 Be7+ 52. Ka5 Bxa3 53. Kxa6 Kd4 54. Ka5 e3 55. Rg1 e2 56. g4 h4 57. g5 h3 58. Rh1 h2 59. Rxh2 e1=Q+ 0-1


[Site "https://www.chess.com"]

[Event "Titled Tuesday Blitz November 9 2021"]
[White "Rostovtsev, Dmitry"]
[Black "Cunjalo, Faris"]
[WhiteFideId "34278320"]
[BlackFideId "14410710"]
[WhiteElo "2253"]
[BlackElo "2263"]
[Result "0-1"]
[Round "11"]
[TimeControl "180+1"]
[Date "2021.11.09"]
[WhiteClock "0:01:09"]
[BlackClock "0:01:52"]

1. e4 g6 2. d4 Bg7 3. Nc3 d6 4. f4 a6 5. Nf3 b5 6. Bd3 Nd7 7. O-O c5 8. dxc5 Nxc5 9. Be3 Bb7 10. e5 Nxd3 11. cxd3 Nh6 12. d4 O-O 13. h3 b4 14. Ne2 Nf5 15. Bf2 e6 16. Qd2 Bxf3 17. gxf3 dxe5 18. fxe5 Bxe5 19. Qxb4 Qg5+ 20. Kh1 Bd6 21. Qb3 Rab8 22. Qc3 Rfc8 23. Qd3 Rxb2 24. Rab1 Rxa2 25. Rb7 Ra3 26. Qe4 Qh5 27. Qg4 Rxf3 28. Qxh5 gxh5 29. Kg2 Ra3 30. Ng1 Rc2 31. Re1 Raa2 0-1


[Site "https://www.chess.com"]

[Event "Titled Tuesday Blitz November 9 2021"]
[White "Rozman, Levy"]
[Black "Ibrahimli, Murad"]
[WhiteFideId "2039877"]
[BlackFideId "13410229"]
[WhiteElo "2376"]
[BlackElo "2109"]
[Result "0-1"]
[Round "11"]
[TimeControl "180+1"]
[Date "2021.11.09"]
[WhiteClock "0:00:02"]
[BlackClock "0:00:39"]

1. d4 d5 2. c4 c6 3. Nc3 Nf6 4. cxd5 cxd5 5. Bf4 Nc6 6. e3 Bg4 7. f3 Bh5 8. g4 Bg6 9. h4 h6 10. Bd3 Bxd3 11. Qxd3 e6 12. Rc1 Rc8 13. Nge2 Qb6 14. Kf2 Be7 15. Na4 Qa5 16. Nc5 Bxc5 17. Rxc5 Qxa2 18. Qb5 Qa6 19. Qxa6 bxa6 20. Ra1 Nd7 21. Rc3 Nb6 22. Rxa6 Kd7 23. Nc1 g5 24. hxg5 hxg5 25. Bg3 Rh1 26. Nd3 Rb1 27. Ne5+ Nxe5 28. Rxa7+ Kd8 29. Rxc8+ Nxc8 30. Rb7 Rxb2+ 31. Rxb2 Nd3+ 32. Ke2 Nxb2 33. e4 Nc4 34. Kd3 Ke7 35. f4 gxf4 36. Bxf4 N4d6 37. exd5 exd5 38. Bc1 Ke6 0-1


[Site "https://www.chess.com"]

[Event "Titled Tuesday Blitz November 9 2021"]
[White "Rustemov, Alexander"]
[Black "Kamsky, Gata"]
[WhiteFideId "4119002"]
[BlackFideId "2000024"]
[WhiteElo "2788"]
[BlackElo "2645"]
[Result "1/2-1/2"]
[Round "11"]
[TimeControl "180+1"]
[Date "2021.11.09"]
[WhiteClock "0:01:24"]
[BlackClock "0:01:44"]

1. d4 Nf6 2. c4 e6 3. Nf3 Bb4+ 4. Bd2 Bxd2+ 5. Qxd2 b6 6. g3 Bb7 7. Bg2 O-O 8. O-O d6 9. Qf4 Nbd7 10. Nc3 Re8 11. e4 e5 12. Qe3 c5 13. d5 Nf8 14. Ne1 Ng4 15. Qd2 Nh6 16. Nd3 Ng6 17. Rae1 Bc8 18. f4 f6 19. f5 Nf8 20. h3 Nf7 21. g4 h6 22. b3 Nh7 23. h4 Bd7 24. Bf3 a6 25. a4 a5 26. Kf2 Kf8 27. Rg1 Ke7 28. Rg3 Rh8 29. Reg1 Qf8 30. Ke1 Kd8 31. Kd1 Kc7 32. Kc2 Qe7 33. Kb2 Kb7 1/2-1/2


[Site "https://www.chess.com"]

[Event "Titled Tuesday Blitz November 9 2021"]
[White "Shirazi, Kamran"]
[Black "Karolczuk, Iwo"]
[WhiteFideId "2000733"]
[BlackFideId "21816972"]
[WhiteElo "2317"]
[BlackElo "2093"]
[Result "0-1"]
[Round "11"]
[TimeControl "180+1"]
[Date "2021.11.09"]
[WhiteClock "0:01:19"]
[BlackClock "0:00:32"]

1. e3 Nf6 2. Ne2 g6 3. d4 Bg7 4. h4 O-O 5. h5 Nxh5 6. Rxh5 gxh5 7. Nf4 f5 8. Nxh5 e6 9. d5 e5 10. d6 cxd6 11. Qxd6 Qe8 12. Bc4+ Kh8 13. Nxg7 Kxg7 14. Bd2 Rf6 15. Qd5 Nc6 16. Bc3 d6 17. Nd2 Be6 18. Qd3 Bxc4 19. Nxc4 Rd8 20. f4 Qe6 21. O-O-O Kg8 22. fxe5 dxe5 23. Qxd8+ Nxd8 24. Rxd8+ Rf8 25. Rxf8+ Kxf8 26. Nxe5 Qg8 27. Nd7+ Ke7 28. Nc5 Qxg2 29. b4 h5 30. Nd3 h4 31. Nf4 Qf1+ 32. Kd2 h3 33. Ng6+ Kd7 34. Ne5+ Kc8 35. Nf7 h2 36. Nd6+ Kd7 37. Nxb7 Qg2+ 38. Kc1 Qxb7 0-1


[Site "https://www.chess.com"]

[Event "Titled Tuesday Blitz November 9 2021"]
[White "Suarez Garcia, Carlos"]
[Black "Djokic, Mihailo"]
[WhiteFideId "22230858"]
[BlackFideId "976440"]
[WhiteElo "2487"]
[BlackElo "2008"]
[Result "0-1"]
[Round "11"]
[TimeControl "180+1"]
[Date "2021.11.09"]
[WhiteClock "0:01:20"]
[BlackClock "0:00:57"]

1. Nf3 Nf6 2. b3 g6 3. Bb2 Bg7 4. g3 O-O 5. Bg2 d6 6. d4 e5 7. dxe5 Nfd7 8. c4 Nc6 9. O-O dxe5 10. Nc3 e4 11. Ne1 f5 12. Qc1 Nde5 13. Nc2 Be6 14. Rd1 Qc8 15. Nd5 Re8 16. Nd4 Nxd4 17. Bxd4 c6 18. Nf4 Bf7 19. h4 Rd8 20. Qb2 Rxd4 21. Rxd4 c5 22. e3 cxd4 23. exd4 Qc7 24. dxe5 Bxe5 25. Qb1 Rd8 26. h5 Qc5 27. h6 Rd2 28. Qe1 Rxf2 29. Kh2 g5 30. Rd1 Kf8 31. b4 Qb6 32. Nh3 Rxa2 33. Qf1 Qe3 34. Qe1 Re2 0-1


[Site "https://www.chess.com"]

[Event "Titled Tuesday Blitz November 9 2021"]
[White "Svane, Rasmus"]
[Black "Madaminov, Mukhiddin"]
[WhiteFideId "4657101"]
[BlackFideId "14210703"]
[WhiteElo "2643"]
[BlackElo "1855"]
[Result "0-1"]
[Round "11"]
[TimeControl "180+1"]
[Date "2021.11.09"]
[WhiteClock "0:00:22"]
[BlackClock "0:00:20"]

1. d4 Nf6 2. Nf3 e6 3. c4 d5 4. Nc3 Bb4 5. cxd5 exd5 6. Bg5 Nbd7 7. Qc2 h6 8. Bh4 O-O 9. e3 c5 10. dxc5 Qa5 11. Bd3 Ne4 12. O-O Bxc3 13. bxc3 Ndxc5 14. c4 Be6 15. Nd4 Qd2 16. Bxe4 Nxe4 17. cxd5 Qxc2 18. Nxc2 Bxd5 19. Nb4 Bc4 20. Rfc1 Rfc8 21. f3 a5 22. Nc2 Nc3 23. Nd4 Nxa2 24. Rxc4 Rxc4 25. Rxa2 b5 26. Be1 b4 27. Ra4 b3 28. Ra3 Rc1 29. Nxb3 Rxe1+ 30. Kf2 Rh1 31. h3 a4 32. Nc5 Ra5 33. Nxa4 Kh7 34. e4 Kg6 35. Ke3 Rg1 36. g4 Kg5 37. Kf2 Rb1 38. Nc3 Rb2+ 39. Kg3 Rxa3 40. Nd5 Kg6 41. h4 Kh7 0-1


[Site "https://www.chess.com"]

[Event "Titled Tuesday Blitz November 9 2021"]
[White "Urazayev, Arystanbek"]
[Black "Sadykov, Ramil"]
[WhiteFideId "13709810"]
[BlackFideId "24113590"]
[WhiteElo "2321"]
[BlackElo "2300"]
[Result "1-0"]
[Round "11"]
[TimeControl "180+1"]
[Date "2021.11.09"]
[WhiteClock "0:01:14"]
[BlackClock "0:00:02"]

1. e4 c5 2. Nf3 Nc6 3. d4 cxd4 4. c3 Nf6 5. e5 Nd5 6. Bc4 Nb6 7. Bb3 d6 8. exd6 Qxd6 9. Na3 a6 10. cxd4 Bg4 11. Bxf7+ Kxf7 12. Ng5+ Kg6 13. Qxg4 Qxd4 14. f4 Qd7 15. Ne6+ Kf7 16. f5 Ne5 17. Qh5+ g6 18. Qh3 Qd3 19. fxg6+ hxg6 20. Ng5+ Kg7 21. Qe6 Qd6 22. Be3 Nd5 23. Bd4 Qxe6 24. Nxe6+ Kf6 25. Nxf8 Rhxf8 26. O-O Ke6 27. Rfe1 Rf5 28. Nc4 Nb4 29. Rxe5+ Rxe5 30. Bxe5 b5 31. Bc3 1-0


[Site "https://www.chess.com"]

[Event "Titled Tuesday Blitz November 9 2021"]
[White "Visakh N R"]
[Black "Preotu, Razvan"]
[WhiteFideId "25012223"]
[BlackFideId "2613280"]
[WhiteElo "2454"]
[BlackElo "2407"]
[Result "1-0"]
[Round "11"]
[TimeControl "180+1"]
[Date "2021.11.09"]
[WhiteClock "0:01:18"]
[BlackClock "0:00:01"]

1. e4 c5 2. Nf3 d6 3. Bb5+ Nd7 4. O-O a6 5. Bxd7+ Bxd7 6. d4 cxd4 7. Qxd4 e5 8. Qd3 h6 9. c4 b5 10. Nc3 bxc4 11. Qxc4 Be6 12. Qa4+ Qd7 13. Qa5 Nf6 14. Rd1 Qb7 15. Qa4+ Bd7 16. Qa5 Be7 17. b3 O-O 18. Ba3 Nxe4 19. Nxe4 Qxe4 20. Bxd6 Bxd6 21. Rxd6 Be6 22. Re1 Qc2 23. Rd2 Qc6 24. Nxe5 Qb5 25. Qxb5 axb5 26. Nc6 Kh7 27. f3 Rfc8 28. Nb4 Rc5 29. Kf2 Rac8 30. Ree2 h5 31. Rc2 h4 32. Rxc5 Rxc5 33. Rc2 Rg5 34. Nd3 Rd5 35. Nf4 Rd1 36. Nxe6 fxe6 37. Re2 Ra1 38. Ke3 Kg6 39. Kd4 Kf5 40. Kc5 h3 41. gxh3 Rf1 42. Kxb5 Rxf3 43. b4 e5 44. a4 e4 45. a5 Ra3 46. Ka6 Ke5 47. b5 e3 48. b6 Kd6 49. Re1 Rc3 50. Kb7 Ke7 51. a6 1-0


[Site "https://www.chess.com"]

[Event "Titled Tuesday Blitz November 9 2021"]
[White "Zhigalko, Sergei"]
[Black "Moroni, Luca Jr"]
[WhiteFideId "13502956"]
[BlackFideId "865834"]
[WhiteElo "2662"]
[BlackElo "2491"]
[Result "1-0"]
[Round "11"]
[TimeControl "180+1"]
[Date "2021.11.09"]
[WhiteClock "0:00:04"]
[BlackClock "0:00:08"]

1. e4 d6 2. d4 e5 3. Nf3 exd4 4. Qxd4 Nf6 5. Nc3 Be7 6. Bg5 O-O 7. O-O-O h6 8. Bh4 Nc6 9. Qd3 Be6 10. Nd4 Nxd4 11. Qxd4 a6 12. f4 c5 13. Qd3 b5 14. e5 dxe5 15. fxe5 Ng4 16. Qe4 Bxh4 17. Rxd8 Raxd8 18. Bd3 Bg5+ 19. Kb1 Rxd3 20. Qxd3 Nf2 21. Qf1 Nxh1 22. Qxh1 Rd8 23. h3 Bf4 24. Qe1 b4 25. Ne4 Rd5 26. Nf2 Bg3 27. b3 Rxe5 28. Qg1 Bf5 29. Qf1 a5 30. Kb2 Re3 31. Ng4 Bxg4 32. hxg4 Be5+ 33. Kc1 Bc3 34. Kd1 Re1+ 35. Qxe1 Bxe1 36. Kxe1 Kf8 37. Ke2 Ke7 38. Kd3 Kd6 39. Kc4 Kc6 40. c3 g6 41. cxb4 axb4 42. Kd3 Kd5 43. Ke3 c4 44. bxc4+ Kxc4 45. Ke4 Kc3 46. Kd5 Kb2 47. Kc4 Ka3 48. Kb5 h5 49. g5 h4 50. Kc4 Ka4 51. Kc5 b3 52. axb3+ Kxb3 53. Kd6 Kc3 54. Ke7 Kd3 55. Kxf7 Ke3 56. Kxg6 Kf2 57. Kh5 Kxg2 58. Kxh4 1-0